 Dungeon Crawl Stone Soup version 0.27-a0-773-gaaee5cf45b (webtiles) character file.

Game seed: 15492715291472950242

323 pistachioham the Conjurer (level 6, -2/32 HPs)
             Began as a Deep Elf Conjurer on Mar 24, 2021.
             Slain by an orc wizard
             ... wielding a +0 dagger
              (3 damage)
             ... on level 4 of the Dungeon on Mar 25, 2021.
             The game lasted 00:15:00 (4123 turns).

pistachioham the Conjurer (Deep Elf Conjurer)       Turns: 4123, Time: 00:15:01

Health: -2/32      AC:  2    Str:  5    XL:     6   Next: 23%
Magic:  5/15       EV: 12    Int: 24    God:
Gold:   153        SH:  0    Dex: 13    Spells: 2/15 levels left

rFire    . . .     SeeInvis .   a - +0 dagger (protect)
rCold    . . .     Faith    .   (no shield)
rNeg     . . .     Spirit   .   c - +0 robe
rPois    .         Reflect  .   (no helmet)
rElec    .         Harm     .   (no cloak)
rCorr    .         Rampage  .   (no gloves)
Will     .....                  (no boots)
Stlth    ++........             (no amulet)
HPRegen  0.10/turn              (no ring)
MPRegen  0.14/turn              (no ring)

@: no status effects
A: no striking features
a: no special abilities


You were on level 4 of the Dungeon.
You visited 1 branch of the dungeon, and saw 4 of its levels.

You collected 153 gold pieces.

Inventory:

Hand Weapons
 a - a +0 dagger of protection (weapon)
Armour
 c - a +0 robe (worn)
Jewellery
 l - an amulet of regeneration
 p - a ring of magical power
 q - an amulet of faith
Scrolls
 e - 5 scrolls of identify {unknown}
 f - 2 scrolls of magic mapping {unknown}
 g - 3 scrolls of torment {unknown}
 i - a scroll of vulnerability {unknown}
 j - a scroll of holy word {unknown}
 m - 2 scrolls of enchant armour {unknown}
 r - 2 scrolls of noise {unknown}
Potions
 b - 2 potions of invisibility {unknown}
 d - 2 potions of heal wounds {unknown}
 h - a potion of degeneration {unknown}
 k - a potion of haste {unknown}
 n - a potion of mutation {unknown}
 o - a potion of attraction {unknown}
 s - a potion of curing {unknown}


   Skills:
 - Level 2.4 Dodging
 - Level 2.4 Stealth
 + Level 5.1 Spellcasting
 * Level 6.8 Conjurations
 + Level 3.2 Hexes


You had 2 spell levels left.
You knew the following spells:

 Your Spells              Type           Power      Damage    Failure   Level
a - Magic Dart            Conj           100%       1d8       1%          1
b - Searing Ray           Conj           78%        3d6       1%          2
c - Dazzling Flash        Conj/Hex       60%        N/A       3%          3
d - Confusing Touch       Hex            21%        N/A       7%          3
e - Fulminant Prism       Conj/Hex       15%        3d11      11%         4

Your spell library contained the following spells:

 Spells                   Type           Power      Damage    Failure   Level
 Iskenderun's Mystic Bla  Conj/Tloc      22%        2d6       22%         4
 Gell's Gravitas          Tloc           3%         N/A       26%         3
 Petrify                  Tmut/Erth      6%         N/A       65%         4
 Metabolic Englaciation   Hex/Ice        7%         N/A       77%         5
 Yara's Violent Unravell  Hex/Tmut       7%         3d5       77%         5


Dungeon Overview and Level Annotations

Branches:
Dungeon (4/15)
 Temple: D:4-7

Altars:
Ashenzari
Cheibriados
Gozag
Kikubaaqudgha
Uskayaw
Zin

Shops:
D:2 [


Message History

The orc priest barely misses you.
You hit the orc priest but do no damage.
The orc priest appears confused.
The orc closely misses you. The orc wizard barely misses you.
The orc priest hits you with a +0 dagger.
Things that are here:
a +0 flail; 23 poisoned darts; a +0 leather armour You hit the orc wizard.
Your weapon exudes an aura of protection.
The orc wizard is lightly wounded.
The orc barely misses you.
The orc wizard points at you and mumbles some strange words.
The puff of flame hits you!
Casting: Searing Ray (safe; 1% risk of failure)
Confirm with . or Enter, or press ? or * to list all spells.
Aiming: Searing Ray (safe; 1% risk of failure)
Press: ? - help, Shift-Dir - straight line, f - orc
Aim: an orc, wielding a +0 club (19% to evade)
The searing ray hits the orc!
You kill the orc!
The searing ray hits the orc priest!
The orc priest is severely wounded. (Press . to maintain the ray.)
The orc wizard points at you and mumbles some strange words.
The puff of flame hits you!
* * * LOW HITPOINT WARNING * * *
Okay, then.
Okay, then.
Casting: Searing Ray (safe; 1% risk of failure)
Confirm with . or Enter, or press ? or * to list all spells.
Aiming: Searing Ray (safe; 1% risk of failure)
Press: ? - help, Shift-Dir - straight line, f - orc priest
Aim: an orc priest, wielding a +0 dagger (severely wounded, confused, 7% to evade)
The searing ray hits the orc wizard!
The orc wizard is heavily wounded.
The searing ray hits the orc priest!
You kill the orc priest! (Press . to maintain the ray.)
The orc wizard hits you with a +0 dagger.
You die...

#..............##...##.(...
#[.......#.##.........#####
#........#............#
#........#.##.........#
#........####.........#
#........# ##.##.#####
#........# #.##.#########
#......).#####.##...)......
#.......)o@....##..........
#........########.########.
####.#..## #.# #. #.#..#
#.########.
#....#######.#..........
###.................##.#
######.................##.#
#......o...............##.#
#........o.......########.#


You could see an orc wizard.

Vanquished Creatures
  An ogre (D:4)
  A hound (D:4)
  An orc priest (D:4)
  An iguana (D:4)
  An orc wizard (D:4)
  2 hound skeletons (D:4)
  A gnoll (D:4)
  3 adders
  A worm (D:2)
  3 dart slugs
  10 orcs
  5 ball pythons
  6 endoplasms
  5 giant cockroaches
  2 goblins
  7 hobgoblins
  7 jackals
  4 kobolds
  4 quokkas
  7 bats
  3 frilled lizards
75 creatures vanquished.

Notes
Turn   | Place    | Note
-------+----------+-------------------------------------------
     0 | D:1      | pistachioham the Deep Elf Conjurer began the quest for the
                  | Orb.
     0 | D:1      | Reached XP level 1. HP: 10/10 MP: 6/6
   121 | D:1      | Upgraded the game from 0.27-a0-760-gc38aae387d to
                  | 0.27-a0-765-ge4d627daa3
   407 | D:1      | Reached XP level 2. HP: 15/15 MP: 6/8
   410 | D:1      | Learned a level 2 spell: Searing Ray
   757 | D:1      | Reached skill level 5 in Conjurations
  1322 | D:2      | Reached XP level 3. HP: 19/19 MP: 7/10
  1326 | D:2      | Learned a level 3 spell: Dazzling Flash
  1330 | D:2      | Learned a level 3 spell: Confusing Touch
  1803 | D:2      | Found Nezyphu's Antique Armour Shoppe.
  1844 | D:2      | Found a glowing silver altar of Zin.
  1933 | D:2      | Reached skill level 1 in Hexes
  1965 | D:2      | Found an opulent altar of Gozag.
  2252 | D:3      | Reached XP level 4. HP: 16/24 MP: 8/12
  2938 | D:3      | Found a snail-covered altar of Cheibriados.
  3348 | D:4      | Upgraded the game from 0.27-a0-765-ge4d627daa3 to
                  | 0.27-a0-773-gaaee5cf45b
  3383 | D:4      | Noticed an ogre
  3392 | D:4      | Killed an ogre
  3393 | D:4      | Reached skill level 6 in Conjurations
  3393 | D:4      | Reached XP level 5. HP: 28/28 MP: 3/14
  3478 | D:4      | Found a broken altar of Ashenzari.
  3614 | D:4      | Found a hide-covered altar of Uskayaw.
  3646 | D:4      | Reached skill level 5 in Spellcasting
  3705 | D:3      | Learned a level 4 spell: Fulminant Prism
  3797 | D:4      | Reached XP level 6. HP: 32/32 MP: 11/15
  3960 | D:4      | Found an ancient bone altar of Kikubaaqudgha.
  4121 | D:4      | HP: 1/32 [orc wizard/puff of flame (10)]
  4123 | D:4      | Slain by an orc wizard

Illustrated notes

Levels and vault maps discovered:
D:1:      psy_arrival_heroes, layout_loops_corners,
          chequers_serial_rivers_room_b
D:2:      layout_basic, lemuel_round_altar, serial_shops, shop,
          nicolae_gozag_cash_rules_everything_around_me
D:3:      layout_basic, general_overflow_altar
D:4:      layout_basic, lemuel_crystal_altar, nicolae_overflow_hidden_temple

Skill      XL: |  1  2  3  4  5 |
---------------+----------------+-----
Conjurations   | 5 6 |  6.8
Spellcasting   | 4 5 |  5.1
Hexes          | 1 2 3 |  3.2
Dodging        | |  2.4
Stealth        | |  2.4

Action                   |  1- 3 |  4- 6 || total
-------------------------+-------+-------++-------
Melee: Short sword       |     1 |       ||     1
       Dagger            |       |     5 ||     5
 Cast: Magic Dart        |    47 |    22 ||    69
       Searing Ray       |    13 |    21 ||    34
       Confusing Touch   |       |     2 ||     2
 Stab: Sleeping          |     1 |       ||     1
Armor: Robe              |     1 |       ||     1
Dodge: Dodged            |     1 |    13 ||    14

Table legend: (Time is in decaauts)
 A = Elapsed time spent in this place.
 B = Non-inter-level travel time spent in this place.
 C = Inter-level travel time spent in this place.
 D = Time resting spent in this place.
 E = Time spent auto-exploring this place.
 F = Levels seen in this place.
 G = Mean time per level.
                   A        B        C        D        E       F      G
               +--------+--------+--------+--------+--------+-----+--------+
         Total |   4125 |   3970 |    155 |    601 |   2764 |   4 | 1031.2 |
       Dungeon |   4125 |   3970 |    155 |    601 |   2764 |   4 | 1031.2 |
               +--------+--------+--------+--------+--------+-----+--------+

Top non-repeatable levels by time:
     D:1: 1318 daAuts
     D:3: 1213 daAuts
     D:2: 832 daAuts
     D:4: 761 daAuts
